 Dungeon Crawl Stone Soup version 0.29-a0-582-ge82337ba6a (webtiles) character file.

Game seed: 1731048799460457669

602 Nietzsche the Spear-Bearer (level 7, -1/52 HPs)
             Began as a Merfolk Gladiator on June 15, 2022.
             Was an Initiate of Yredelemnul.
             Slain by a gnoll
             ... wielding a +0 halberd
             ... led by a gnoll shaman
              (4 damage)
             ... on level 4 of the Dungeon.
             The game lasted 00:14:18 (3857 turns).

Nietzsche the Spear-Bearer (Merfolk Gladiator)      Turns: 3857, Time: 00:14:18

Health: -1/52      AC:  7    Str: 14 (15) XL:     7   Next: 41%
Magic:  9/9        EV: 11    Int:  4 (7)  God:    Yredelemnul [......]
Gold:   187        SH:  0    Dex: 15 (17) Spells: 9/9 levels left

rFire   . . .      SeeInvis .   a - +0 trident
rCold   + . .      Faith    .   (no shield)
rNeg    . . .      Spirit   .   E - +0 scale mail
rPois   .          Reflect  .   c - +0 helmet
rElec   .          Harm     .   n - scarf {repulsion}
rCorr   .          Rampage  .   (no gloves)
Will    .....                   (no boots)
Stlth   ..........              (no amulet)
HPRegen 0.17/turn               i - ring of protection from cold
MPRegen 0.11/turn               (no ring)

@: confused, brilliant, ambrosia-drunk, repel missiles
A: (nimble swimmer 2), mertail
a: Renounce Religion, Recall Undead Harvest


You were on level 4 of the Dungeon.
You worshipped Yredelemnul.
Yredelemnul was noncommittal.
You visited 1 branch of the dungeon, and saw 4 of its levels.

You collected 187 gold pieces.

Inventory:

Hand Weapons
 a - a +0 trident (weapon)
 q - a +0 scythe
 v - a +4 quarterstaff of chaos
 z - a +1 dagger of draining
 A - a +2 demon blade of flaming
Missiles
 d - 3 throwing nets (quivered)
 e - 5 javelins
Armour
 b - a +0 leather armour
 c - a +0 helmet (worn)
 n - a scarf of repulsion (worn)
 E - a +0 scale mail (worn)
Jewellery
 i - a ring of protection from cold (left hand)
Scrolls
 g - a scroll of noise {unknown}
 j - 4 scrolls of identify {unknown}
 k - a scroll of enchant armour {unknown}
 m - a scroll of blinking {unknown}
 o - a scroll of magic mapping {unknown}
 r - a scroll of vulnerability {unknown}
 t - 3 scrolls of fear {unknown}
 u - a scroll of teleportation {unknown}
 x - a scroll of fog {unknown}
 y - a scroll of poison {unknown}
 D - a scroll of summoning {unknown}
Potions
 h - a potion of degeneration
 l - a potion of flight {unknown}
 p - a potion of mutation {unknown}
 w - a potion of invisibility {unknown}
 B - a potion of ambrosia
 F - a potion of attraction {unknown}
 G - a potion of haste {unknown}


   Skills:
 + Level 3.6 Fighting
 + Level 8.0 Polearms
 + Level 2.0 Throwing
 - Level 1.3 Armour
 + Level 5.6 Dodging
 + Level 1.9 Stealth
 * Level 1.9 Spellcasting


You had 9 spell levels left.
You didn't know any spells.
Your spell library contained the following spells:

 Spells                   Type           Power      Damage    Failure   Level
 Apportation              Tloc           0%         N/A       91%         1
 Foxfire                  Conj/Fire      0%         2x1d4     91%         1
 Conjure Flame            Conj/Fire      0%         6-21      99%         3
 Inner Flame              Hex/Fire       0%         N/A       99%         3
 Flame Wave               Conj/Fire      0%         2d4       100%        4
 Alistair's Intoxication  Tmut/Pois      0%         N/A       100%        5
 Blade Hands              Tmut           0%         N/A       100%        5
 Irradiate                Conj/Tmut      0%         3d13      100%        5
 Dragon Form              Tmut           0%         N/A       100%        7


Dungeon Overview and Level Annotations

Branches:
Dungeon (4/15)
 Temple: D:4-7

Altars:
Trog
Yredelemnul
The Shining One

Annotations:
D:4 2 transporters, DocClef's ghost, weakling DrDe


Innate Abilities, Weirdness & Mutations

((You are very nimble when in or above water. (Stealth+, EV+, Speed+++)))
Your lower body shifts to a powerful aquatic tail in water.


Message History

You closely miss the gnoll shaman.
The gnoll shaman is heavily wounded.
The gnoll hits you from afar with a +0 halberd.
* * * LOW HITPOINT WARNING * * *
The gnoll shaman barely misses you.
You hit the gnoll shaman but do no damage.
The gnoll shaman is heavily wounded.
The gnoll closely misses you.
The gnoll shaman hits you with a +0 whip.
* * * LOW HITPOINT WARNING * * *
You feel better.
The gnoll shaman hits you with a +0 whip!
* * * LOW HITPOINT WARNING * * *
The gnoll hits you from afar with a +0 halberd.
* * * LOW HITPOINT WARNING * * *
You hit the gnoll shaman.
The gnoll shaman is severely wounded.
The gnoll shaman prays to its god.
The gnoll shaman is healed somewhat.
The gnoll hits you from afar with a +0 halberd.
* * * LOW HITPOINT WARNING * * *
You hear a shout!
It was a potion of ambrosia.
You are confused.
You feel invigorated. The gnoll hits you but does no damage.
The gnoll shaman barely misses you.
You bump into the rock wall.
The gnoll shaman barely misses you.
The gnoll hits you from afar with a +0 halberd!
* * * LOW HITPOINT WARNING * * *
It was a potion of brilliance.
You feel clever all of a sudden.
The gnoll shaman calls upon its god to speed up the gnoll.
The gnoll seems to speed up.
The gnoll barely misses you.
Okay, then.
You bump into the rock wall.
The gnoll closely misses you.
The gnoll shaman hits you with a +0 whip!
* * * LOW HITPOINT WARNING * * *
The gnoll hits you from afar with a +0 halberd.
You die...
Your body rises from the dead as a mindless zombie.

..ZZ.Z.# #.#.#.#.#
#..#S........# ...#####
#.#.#.#.# #..#8g......8#
...# #.#.#Z#.#
#..##WS.....## ...#
###+#.....# #...#########.
...#
#.......#####........Zg...
...#
#........<..)g.g..........
####
#.......#g#############...
........#g# . ..
...#....#@####.... .
...#....#....'.... ..
#....######.... ####.# #
#.


You could see a gnoll shaman and a gnoll (fast).

Vanquished Creatures
  Sigmund (D:2)
  Eustachio (D:4)
  An ogre (D:3)
  A scorpion (D:4)
  Crazy Yiuf (D:2)
  An orc wizard (D:4)
  A gnoll (D:4)
  3 adders
  9 orcs (D:4)
  4 endoplasms
  3 giant cockroaches
  5 goblins
  10 hobgoblins
  2 quokkas
  3 ball pythons
  8 bats
  4 frilled lizards (D:2)
  8 kobolds
  2 rats (D:1)
68 creatures vanquished.

Vanquished Creatures (collateral kills)
  An orc (D:4)
1 creature vanquished.

Vanquished Creatures (others)
  A giant cockroach zombie (D:4)
  A goblin zombie (D:4)
  5 orc zombies (D:4)
7 creatures vanquished.

Grand Total: 76 creatures vanquished

Notes
Turn   | Place    | Note
-------+----------+-------------------------------------------
     0 | D:1      | Nietzsche the Merfolk Gladiator began the quest for the
                  | Orb.
     0 | D:1      | Reached XP level 1. HP: 16/16 MP: 1/1
   295 | D:1      | Reached XP level 2. HP: 22/22 MP: 2/2
  1138 | D:1      | Found a faded altar of an unknown god.
  1267 | D:1      | Reached XP level 3. HP: 28/28 MP: 3/3
  1537 | D:2      | Noticed Sigmund
  1554 | D:2      | Reached skill level 5 in Polearms
  1654 | D:2      | Killed Sigmund
  1655 | D:2      | Reached skill level 6 in Polearms
  1655 | D:2      | Reached skill level 1 in Armour
  1655 | D:2      | Reached skill level 5 in Dodging
  1655 | D:2      | Reached skill level 1 in Stealth
  1655 | D:2      | Reached XP level 4. HP: 7/34 MP: 4/4
  1655 | D:2      | Reached XP level 5. HP: 8/40 MP: 5/5
  2346 | D:2      | Found a runed translucent door.
  2347 | D:2      | Noticed Crazy Yiuf
  2358 | D:2      | Killed Crazy Yiuf
  2359 | D:2      | Reached XP level 6. HP: 35/47 MP: 0/6
  2599 | D:3      | Found a basalt altar of Yredelemnul.
  2606 | D:3      | Became a worshipper of Yredelemnul the Dark
  2679 | D:3      | You fall into a shaft and drop 1 floor!
  2711 | D:3      | Reached skill level 7 in Polearms
  2711 | D:3      | Reached skill level 1 in Spellcasting
  3293 | D:4      | Noticed DocClef's ghost (weakling DrDe)
  3307 | D:4      | Found a transporter.
  3374 | D:4      | Noticed Eustachio
  3414 | D:4      | Killed Eustachio
  3415 | D:4      | Reached XP level 7. HP: 19/52 MP: 7/9
  3715 | D:4      | Found a glowing golden altar of the Shining One.
  3715 | D:4      | Found a bloodstained altar of Trog.
  3775 | D:4      | Found a transporter.
  3816 | D:4      | Reached skill level 8 in Polearms
  3852 | D:4      | HP: 1/52 [gnoll/+0 halberd[a gnoll shaman] (5)]
  3857 | D:4      | Slain by a gnoll

Illustrated notes

Levels and vault maps discovered:
D:1:      dpeg_arrival_subterranean_lakeside_camping, layout_loops_ring,
          hellmonk_ecumenical_altar_prayer_group
D:2:      layout_rooms, uniq_sigmund, uniq_crazy_yiuf_cottage
D:3:      layout_loops_ring, lemuel_crystal_altar, minmay_misc_feat_tiny
D:4:      layout_basic, gammafunk_temple_overflow_pools, gammafunk_ghost_arena,
          uniq_eustachio, uniq_robin

Skill      XL: |  1  2  3  4  5  6  7 |
---------------+----------------------+-----
Polearms       | 6 7 8 |  8.0
Armour         | 1 |  1.3
Dodging        | 5 |  5.6
Stealth        | 1 |  1.9
Fighting       | 3 |  3.6
Spellcasting   | 1 |  1.9
Throwing       | |  2.0

Action                   |  1- 3 |  4- 6 |  7- 9 || total
-------------------------+-------+-------+-------++-------
Melee: Trident           |   133 |   131 |    42 ||   306
       Punch             |     2 |     1 |       ||     3
  Use: Potion            |       |     3 |     4 ||     7
 Stab: Sleeping          |     2 |     2 |       ||     4
Armor: Leather armour    |    38 |    11 |       ||    49
       Scale mail        |       |    47 |    11 ||    58
Dodge: Dodged            |    85 |    81 |    26 ||   192
       Repelled          |       |     1 |       ||     1

Table legend: (Time is in decaauts)
 A = Elapsed time spent in this place.
 B = Non-inter-level travel time spent in this place.
 C = Inter-level travel time spent in this place.
 D = Time resting spent in this place.
 E = Time spent auto-exploring this place.
 F = Levels seen in this place.
 G = Mean time per level.
                   A        B        C        D        E       F      G
               +--------+--------+--------+--------+--------+-----+--------+
         Total |   3851 |   3849 |      2 |      0 |   2656 |   4 |  962.8 |
       Dungeon |   3851 |   3849 |      2 |      0 |   2656 |   4 |  962.8 |
               +--------+--------+--------+--------+--------+-----+--------+

Top non-repeatable levels by time:
     D:1: 1514 daAuts
     D:2: 988 daAuts
     D:3: 765 daAuts
     D:4: 582 daAuts
